 Dungeon Crawl Stone Soup version 0.31-a0-819-gf6de2f5ab6 (webtiles) character file.

Game seed: 12135017283725924179

341 qw the Shooter (level 6, -2/39 HPs)
             Began as a Gargoyle Hunter on Sept 23, 2023.
             Slain by a kobold
             ... wielding a +0 club
              (3 damage)
             ... on level 4 of the Dungeon.
             The game lasted 00:01:06 (2284 turns).

qw the Shooter (Gargoyle Hunter)                    Turns: 2284, Time: 00:01:07

Health: -2/39      AC:  9    Str: 14    XL:     6   Next: 56%
Magic:  6/6        EV: 11    Int: 10    God:
Gold:   176        SH:  0    Dex: 15    Spells: 5/5 levels left

rFire   . . .        Y - +0 shortbow
rCold   . . .        (shield currently unavailable)
rNeg    + . .        d - +0 ring mail
rPois   inf          (no helmet)
rElec   +            (no cloak)
rCorr   .            (no gloves)
SInv    .            (no boots)
Will    .....        (no amulet)
Stlth   +            (no ring)
HPRegen 0.26/turn    (no ring)
MPRegen 0.10/turn

%: no passive effects
@: no status effects
A: sickness immunity, AC +4, negative energy resistance 1, electricity
resistance, torment resistance 1, petrification resistance
a: no special abilities


You were on level 4 of the Dungeon.
You visited 1 branch of the dungeon, and saw 4 of its levels.

You collected 176 gold pieces.


Innate Abilities, Weirdness & Mutations

You are immune to sickness and miasma.
Your stone body is resilient. (AC +4)
You are immune to poison.
You resist negative energy. (rN+)
You are resistant to electric shocks. (rElec)
You are resistant to unholy torment.
You are immune to petrification.


   Skills:
 - Level 4.6 Fighting
 + Level 6.4 Ranged Weapons
 - Level 1.3 Armour
 - Level 1.5 Dodging
 - Level 1.1 Stealth


You had 5 spell levels left.
You didn't know any spells.
Your spell library was empty.

Inventory:

Hand Weapons
 Y - a +0 shortbow (weapon)
Armour
 d - a +0 ring mail (worn)
 e - a +0 pair of gloves
Jewellery
 f - a ring of ice
Scrolls
 a - 2 scrolls of identify
Potions
 b - a potion of lignification {unknown}
 c - a potion of enlightenment

Dungeon Overview and Level Annotations

Branches:
Dungeon (4/15)
 Temple: D:4-7

Altars:

Annotations:
D:3 2 transporters, qw's ghost, amateur GrHu
D:4 Menkaure


Message History

The orc priest begins to cast a cantrip, but forgets the words!
You shoot an arrow.
The arrow closely misses the orc wizard.
The orc wizard closely misses you. The kobold barely misses you.
The orc hits you with a +4 dagger.
You shoot an arrow.
The arrow hits the orc wizard but does no damage.
The orc wizard is moderately wounded.
The orc wizard hits you but does no damage.
The kobold hits you but does no damage. The orc hits you with a +4 dagger.
The orc priest calls upon Beogh to heal the orc wizard.
The orc wizard's wounds heal themselves!
The orc hits you but does no damage. The kobold barely misses you.
The orc priest completely misses you.
The orc wizard points at you and mumbles some strange words.
The puff of flame hits you.
You shoot an arrow.
The arrow hits the orc priest but does no damage.
The orc priest is moderately wounded.
The orc wizard closely misses you. The kobold misses you.
The orc closely misses you.
The orc priest hits you but does no damage.
You shoot an arrow. The arrow hits the orc priest!
The orc priest is almost dead.
The orc wizard misses you. The kobold misses you.
The orc hits you but does no damage. The orc priest closely misses you.
You shoot an arrow. The arrow hits the orc priest.
You kill the orc priest!
The orc wizard hits you but does no damage.
The kobold misses you. The orc hits you but does no damage.
You shoot an arrow. The arrow hits the orc wizard.
The orc wizard is lightly wounded.
The orc wizard hits you with a +0 dagger.
The kobold closely misses you. The orc hits you with a +4 dagger.
You shoot an arrow. The arrow hits the orc wizard.
The orc wizard is heavily wounded.
The orc wizard hits you with a +0 dagger.
The kobold hits you but does no damage. The orc hits you but does no damage.
The kobold hits you with a +0 club.
You die...

############
##..........##
##............## ##
#..............# .##
#..............#
..###..............#
...##..........o@K.#
...##...........)o.#
......................
..#####........>.#...##
.......................
...######........#......
.).######.##..........#.
.......................
.....######.........


You could see an orc wizard, an orc and a kobold.

Vanquished Creatures
  An ogre (D:4)
  A hound (D:4)
  An orc priest (D:4)
  Jessica (D:3)
  An iguana (D:4)
  An orc wizard (D:3)
  4 adders
  A dart slug (D:4)
  6 orcs (D:3)
  6 endoplasms
  5 giant cockroaches
  6 goblins
  11 hobgoblins
  2 jackals (D:1)
  6 kobolds
  3 quokkas
  8 ball pythons
  3 bats
  4 frilled lizards
  6 rats
77 creatures vanquished.

Notes
Turn   | Place    | Note
-------+----------+-------------------------------------------
     0 | D:1      | qw the Gargoyle Hunter began the quest for the Orb.
     0 | D:1      | Reached XP level 1. HP: 12/12 MP: 1/1
     0 | D:1      | 0 ||| qw: Version: 0.3-a-83-gcd0e7d8
     0 | D:1      | 0 ||| qw: Game counter: 1590
     0 | D:1      | 0 ||| qw: Melee chars always use a shield: true
     0 | D:1      | 0 ||| qw: God list: Okawaru
     0 | D:1      | 0 ||| qw: Allow faded altars: false
     0 | D:1      | 0 ||| qw: Do Orc after clearing Dungeon:15 true
     0 | D:1      | 0 ||| qw: Do second Lair branch before Depths: true
     0 | D:1      | 0 ||| qw: Lair rune preference: random
     0 | D:1      | 0 ||| qw: Goals: Normal
     0 | D:1      | 0 ||| PLANNING D:1-11
    54 | D:1      | 54 ||| DROPPING +3 sling.
   127 | D:1      | Reached XP level 2. HP: 17/17 MP: 2/2
   282 | D:1      | Reached XP level 3. HP: 21/21 MP: 3/3
   619 | D:1      | 619 ||| UPGRADING to +0 ring mail.
   629 | D:1      | 629 ||| DROPPING +0 leather armour.
   630 | D:1      | 630 ||| DROPPING ring of flight.
   631 | D:1      | 631 ||| READING 3 scrolls labelled MIAZUT YRUHONADYR.
   632 | D:1      | 632 ||| DROPPING scroll of butterflies.
   932 | D:2      | Reached skill level 1 in Armour
   953 | D:2      | Reached skill level 5 in Ranged Weapons
  1196 | D:2      | Reached XP level 4. HP: 27/27 MP: 4/4
  1313 | D:2      | 1313 ||| READING scroll labelled KECOAH CUNUZILL.
  1314 | D:2      | 1314 ||| READING scroll labelled WIAGICUE ETICO.
  1319 | D:2      | 1319 ||| READING 2 scrolls of identify.
  1319 | D:2      | 1319 ||| IDENTIFYING silvery potion
  1361 | D:3      | Reached skill level 3 in Fighting
  1452 | D:3      | Noticed Jessica
  1459 | D:3      | Killed Jessica
  1460 | D:3      | Reached XP level 5. HP: 32/32 MP: 5/5
  1651 | D:3      | Found a transporter.
  1670 | D:3      | Noticed qw's ghost (amateur GrHu)
  1826 | D:3      | Found a transporter.
  1928 | D:3      | 1928 ||| READING scroll labelled DADAITAXZO.
  1929 | D:3      | 1929 ||| READING scroll labelled ELIACS NUESETIYKH.
  1949 | D:4      | 1949 ||| STAIRDANCE
  1964 | D:4      | Reached skill level 6 in Ranged Weapons
  1969 | D:4      | 1969 ||| STAIRDANCE
  2045 | D:4      | Noticed Menkaure
  2053 | D:4      | HP: 7/32 [kobold/+1 dagger of speed (2)]
  2054 | D:4      | 2054 ||| READING scroll of teleportation.
  2060 | D:4      | HP: 6/32 [giant cockroach (2)]
  2168 | D:4      | Noticed an ogre
  2179 | D:4      | Killed an ogre
  2180 | D:4      | Reached XP level 6. HP: 37/39 MP: 6/6
  2279 | D:4      | HP: 9/39 [orc/+4 dagger (2)]
  2283 | D:4      | HP: 1/39 [orc/+4 dagger (4)]
  2284 | D:4      | Slain by a kobold

Levels and vault maps discovered:
D:1:      dpeg_arrival_round_a, layout_basic, minmay_indecisive_spiral
D:2:      layout_loops_ring
D:3:      layout_basic, gammafunk_ghost_mausoleum,
          corexii_item_surrounded_by_moat, hex_large, grunt_decor_fettered,
          minmay_misc_feat_chi, uniq_jessica
D:4:      layout_rooms, serial_shops, shop, grunt_ministairs_7, minmay_unequal,
          uniq_menkaure

Skill      XL: |  1  2  3  4  5 |
---------------+----------------+-----
Armour         | 1 |  1.3
Ranged Weapons | 5 6 |  6.4
Fighting       | 3 4 |  4.6
Dodging        | |  1.5
Stealth        | |  1.1

Action                     |  1- 3 |  4- 6 || total
---------------------------+-------+-------++-------
   Fire: Shortbow          |   109 |   184 ||   293
    Use: Scroll            |     1 |     6 ||     7
 Armour: Leather armour    |    22 |       ||    22
         Ring mail         |    14 |    85 ||    99
  Dodge: Dodged            |    32 |    90 ||   122

Table legend:
 A = Non-vault XP
 B = Vault XP
 C = Vault XP percentage of total XP
 D = Non-vault monster count
 E = Vault monster count
 F = Vault count percentage of total count
                 A         B        C        D         E       F
            +---------+---------+-------+---------+---------+-------
      Total |     393 |      95 |  19.5 |      68 |       9 |  11.7
            +---------+---------+-------+---------+---------+-------
        D:1 |      31 |       7 |  18.4 |      20 |       4 |  16.7
        D:2 |      48 |       0 |   0.0 |      16 |       0 |   0.0
        D:3 |      92 |      37 |  28.7 |      23 |       1 |   4.2
        D:4 |     222 |      51 |  18.7 |       9 |       4 |  30.8
            +---------+---------+-------+---------+---------+-------
